 Dungeon Sprint DCSS version 0.29-a0-1006-g0dd7720b37 (webtiles) character file.

Game seed: 16600345813965463732

2666 mhtbhm the Unseen (level 9, 0/56 HPs)
             Began as a Kobold Brigand on Aug 6, 2022.
             Was a Priest of Dithmenos.
             Slain by an unseen horror (11 damage)
             ... in the Dungeon (Sprint III: "The Ten Rune Challenge").
             The game lasted 00:02:21 (801 turns).

mhtbhm the Unseen (Kobold Brigand)                   Turns: 801, Time: 00:02:21

Health: 0/56       AC:  3    Str:  9    XL:     9   Next: 94%
Magic:  15/15      EV: 21    Int: 12    God:    Dithmenos [***...]
Gold:   60         SH:  0    Dex: 20    Spells: 8/8 levels left

rFire   . . .      SeeInvis .   a - +2 dagger
rCold   . . .      Faith    .   (no shield)
rNeg    . . .      Spirit   .   b - +0 robe
rPois   .          Reflect  .   (no helmet)
rElec   .          Harm     .   c - +0 cloak
rCorr   .          Rampage  .   (no gloves)
Will    .....      NoTele   +   (no boots) Stlth ***+++++++
                                (no amulet)
HPRegen 0.18/turn               (no ring)
MPRegen 0.14/turn               (no ring)

@: wreathed by umbra
A: small, no large weapons, nightstalker 3
a: Renounce Religion, Shadow Step


You were in the Dungeon.
You worshipped Dithmenos.
Dithmenos was most pleased with you.
You visited 1 branch You collected 60 gold pieces.

Inventory:

Hand Weapons
 a - a +2 dagger (weapon)
Missiles
 d - 8 poisoned darts (quivered)
 e - a curare-tipped dart
Armour
 b - a +0 robe (worn)
 c - a +0 cloak (worn)
Scrolls
 g - a scroll of immolation {unknown}
 h - 3 scrolls of identify
 m - a scroll of poison {unknown}
Potions
 f - 3 potions of curing
 i - 2 potions of magic
 j - 2 potions of might
 l - 4 potions of flight
 n - 4 potions of mutation
Miscellaneous
 o - a lightning rod (4/4)


   Skills:
 + Level 6.7 Fighting
 + Level 8.9 Short Blades
 + Level 9.5 Throwing
 + Level 8.7 Dodging
 + Level 20.4 Stealth
 * Level 9.2 Invocations


You had 8 spell levels left.
You didn't know any spells.
Your spell library contained the following spells:

 Spells                   Type           Power      Damage    Failure   Level
 Stone Arrow              Conj/Erth      0%         3d7       69%         3
 Animate Armour           Summ/Erth      0%         N/A       97%         4
 Lehudib's Crystal Spear  Conj/Erth      0%         10d2      100%        8


Dungeon Overview and Level Annotations

Branches:
Dungeon (1/1)

Altars:
Cheibriados
Dithmenos
Elyvilon
Fedhas
Gozag
Hepliaklqana
Kikubaaqudgha
Makhleb
Nemelex Xobeh
Okawaru
Qazlal
Ru
Sif Muna
Trog
Uskayaw
Vehumet
Wu Jian
Xom
Yredelemnul
Zin
The Shining One
Jiyva
Lugonu


Innate Abilities, Weirdness & Mutations

You are small and have problems with some larger weapons.
You are completely attuned to the shadows.


Message History

You kill the centaur!
Dithmenos accepts your kill.
You see here a +0 shortbow.
You see here a +0 shortbow.
Things that are here:
a +0 shortbow; a centaur corpse You start waiting.
You open the door.
There is an open door here.
What are your orders? t - Shout!
Orders for allies: a - Attack new target. r - Retreat! s - Stop attacking. g - Guard the area. f - Follow me.
Anything else - Cancel.
You shout for attention!
Something hits you.
Deactivating autopickup; reactivate with Ctrl-A.
There is an open door here.
You barely miss something. Something barely misses you.
You swing at nothing.
You hit something. Something hits you. Something barely misses you.
You barely miss something. You barely miss something.
Something barely misses you.
You swing at nothing.
Something hits you.
You hit something. Something hits you.
You swing at nothing.
You swing at nothing.
You barely miss something. Something closely misses you.
You closely miss something. Something hits you!
You barely miss something. You punch something. Something closely misses you.
Something completely misses you.
You hit something but do no damage. You barely miss something.
Something hits you! Something hits you.
You closely miss something. Something barely misses you.
You completely miss something. Something hits you!
* * * LOW HITPOINT WARNING * * *
You closely miss something. Something hits you but does no damage.
Something hits you!
You die...

### __# ._# '## .÷#
..# #'#
..#+#################
..#..§§§'.#.'...@{#.#
..#.#§§§#.#.#...##.#
..'.#§§§#.#.#)..#.#.#
..#.#§..#...#)).##
#.# ▓▓▓▓▓▓▓▓▓▓▓▓▓▓▓▓#
#.# #.


There were no monsters in sight!

Vanquished Creatures
  Snorg (D)
  A centaur warrior (D)
  A deep elf pyromancer (D)
  A shadow (D)
  A spatial vortex (D)
  2 centaurs (D)
  An earth elemental (D)
  A water elemental (D)
  A necrophage (D)
  A jelly (D)
  A wizard (D)
  A necromancer (D)
  A kobold demonologist (D)
  3 humans (D)
  A wolf (D)
  4 rats (D)
22 creatures vanquished.

Vanquished Creatures (others)
  A plant (D)
1 creature vanquished.

Grand Total: 23 creatures vanquished

Notes
Turn   | Place    | Note
-------+----------+-------------------------------------------
     0 | D        | mhtbhm the Kobold Brigand began the quest for the Orb.
     0 | D        | Reached XP level 1. HP: 12/12 MP: 1/1
    31 | D        | Reached skill level 6 in Stealth
    47 | D        | Noticed a wolf
    50 | D        | Killed a wolf
    51 | D        | Reached skill level 8 in Stealth
    51 | D        | Reached XP level 2. HP: 18/18 MP: 2/2
    92 | D        | Reached skill level 9 in Stealth
    92 | D        | Reached XP level 3. HP: 10/22 MP: 3/3
   269 | D        | Noticed a water elemental
   271 | D        | Killed a water elemental
   272 | D        | Reached skill level 11 in Stealth
   272 | D        | Reached XP level 4. HP: 28/28 MP: 4/4
   282 | D        | Found a shadowy altar of Dithmenos.
   282 | D        | Noticed a necrophage
   304 | D        | Killed a necrophage
   305 | D        | Reached skill level 5 in Throwing
   305 | D        | Reached skill level 12 in Stealth
   305 | D        | Reached XP level 5. HP: 23/33 MP: 5/5
   390 | D        | Found a basalt altar of Yredelemnul.
   390 | D        | Found a sacrificial altar of Ru.
   392 | D        | Reached skill level 5 in Short Blades
   392 | D        | Reached skill level 13 in Stealth
   395 | D        | Became a worshipper of Dithmenos the Shadowed
   412 | D        | Found a radiant altar of Vehumet.
   413 | D        | Found a shimmering blue altar of Sif Muna.
   413 | D        | Found an ancient bone altar of Kikubaaqudgha.
   415 | D        | Reached skill level 1 in Invocations
   415 | D        | Reached XP level 6. HP: 38/38 MP: 6/6
   546 | D        | Found a glowing silver altar of Zin.
   547 | D        | Found a glowing golden altar of the Shining One.
   547 | D        | Found a white marble altar of Elyvilon.
   547 | D        | Noticed a deep elf pyromancer
   549 | D        | Killed a deep elf pyromancer
   549 | D        | Reached * piety under Dithmenos
   550 | D        | Reached skill level 5 in Fighting
   550 | D        | Reached skill level 5 in Dodging
   550 | D        | Reached skill level 16 in Stealth
   550 | D        | Reached skill level 5 in Invocations
   550 | D        | Reached XP level 7. HP: 44/44 MP: 7/10
   575 | D        | Found a hide-covered altar of Uskayaw.
   575 | D        | Found an iron altar of Okawaru.
   576 | D        | Found a bloodstained altar of Trog.
   576 | D        | Found an ornate altar of the Wu Jian Council.
   576 | D        | Noticed a human
   576 | D        | Noticed a human
   586 | D        | Killed a human
   587 | D        | Reached XP level 8. HP: 49/49 MP: 10/12
   590 | D        | Killed a human
   591 | D        | Reached skill level 17 in Stealth
   652 | D        | Noticed a shadow
   654 | D        | Killed a shadow
   654 | D        | Reached ** piety under Dithmenos
   660 | D        | Found a blossoming altar of Fedhas.
   660 | D        | Found a stormy altar of Qazlal.
   660 | D        | Found a snail-covered altar of Cheibriados.
   660 | D        | Found a burning altar of Makhleb.
   660 | D        | Found a shimmering altar of Xom.
   661 | D        | Found a hazy altar of Hepliaklqana.
   661 | D        | Found an opulent altar of Gozag.
   661 | D        | Found a sparkling altar of Nemelex Xobeh.
   661 | D        | Found a corrupted altar of Lugonu.
   661 | D        | Found a viscous altar of Jiyva.
   681 | D        | Noticed Snorg
   683 | D        | Killed Snorg
   684 | D        | Reached skill level 19 in Stealth
   684 | D        | Reached XP level 9. HP: 55/55 MP: 13/15
   691 | D        | Reached *** piety under Dithmenos
   697 | D        | Noticed a centaur warrior
   701 | D        | Killed a centaur warrior
   702 | D        | Reached skill level 20 in Stealth
   801 | D        | Slain by an unseen horror

Illustrated notes

Levels and vault maps discovered:
D:        dungeon_sprint_mu [sprint_mu_entry_cave, sprint_mu_temple_rooms,
          sprint_mu_d1_horrors, sprint_mu_d2_genie, sprint_mu_d3_branching,
          sprint_mu_orc_legion, sprint_mu_elf_gauntlet, sprint_mu_hive_nellie,
          sprint_mu_lair_fedhas, sprint_mu_vaults_butterflies,
          sprint_mu_slime_circle, sprint_mu_swamp_cave, sprint_mu_shoals_archi,
          sprint_mu_blade_basic, sprint_mu_crypt_chambers,
          sprint_mu_tomb_spiral, sprint_mu_vestibule_basic,
          sprint_mu_gehenna_hellfire, sprint_mu_dis_giant,
          sprint_mu_tartarus_statrot, sprint_mu_cocytus_islands, sprint_mu_zot1]

Skill      XL: |  1  2  3  4  5  6  7  8  9 |
---------------+----------------------------+-----
Short Blades   | 3 4 5 6 8 |  8.9
Stealth        | 8 9 11 12 13 16 19 20 | 20.4
Throwing       | 3 4 5 7 8 9 |  9.5
Fighting       | 3 4 5 6 |  6.7
Dodging        | 2 3 5 7 8 |  8.7
Invocations    | 1 5 8 9 |  9.2

Action                   |  1- 3 |  4- 6 |  7- 9 || total
-------------------------+-------+-------+-------++-------
Melee: Dagger            |    14 |    30 |    44 ||    88
       Punch             |       |     1 |     2 ||     3
Throw: Dart              |    14 |       |       ||    14
  Use: Potion            |     2 |       |     1 ||     3
       Scroll            |       |       |     1 ||     1
 Stab: Sleeping          |     5 |     3 |     7 ||    15
Armor: Robe              |     3 |     2 |     2 ||     7
Dodge: Dodged            |     8 |    31 |    29 ||    68

Table legend: (Time is in decaauts)
 A = Elapsed time spent in this place.
 B = Non-inter-level travel time spent in this place.
 C = Inter-level travel time spent in this place.
 D = Time resting spent in this place.
 E = Time spent auto-exploring this place.
 F = Levels seen in this place.
 G = Mean time per level.
                   A        B        C        D        E       F      G
               +--------+--------+--------+--------+--------+-----+--------+
         Total |    763 |    763 |      0 |    460 |     26 |   1 |  763.0 |
       Dungeon |    763 |    763 |      0 |    460 |     26 |   1 |  763.0 |
               +--------+--------+--------+--------+--------+-----+--------+

Top non-repeatable levels by time:
       D: 763 daAuts
